 Dungeon Crawl Stone Soup version 0.20-a0-1124-g2e29d97 (webtiles) character file.

640967 inmateoo the Crack Shot (level 27, -39/226 HPs)
             Began as a Barachi Hunter on May 16, 2017.
             Was the Champion of Okawaru.
             Annihilated by an Orb Guardian (49 damage)
             ... on level 5 of the Realm of Zot.
             The game lasted 02:24:36 (61878 turns).

inmateoo the Crack Shot (Barachi Hunter)           Turns: 61878, Time: 02:24:36

Health: -39/226    AC: 28    Str: 13 (14) XL:     27
Magic:  13/42      EV: 21    Int:  8      God:    Okawaru [******]
Gold:   6492       SH:  0    Dex: 21      Spells: 22/56 levels left

rFire    . . .     SeeInvis +   F - +11 longbow "Frog's Curse" {freeze, Dex+2}
rCold    . . .     Gourm    .   (shield currently unavailable)
rNeg     + + +     Faith    .   Y - +8 storm dragon scales
rPois    +         Spirit   .   (helmet unavailable)
rElec    +         Reflect  .   a - +2 cloak
rCorr    +         Harm     .   q - +2 pair of gloves of the Devil's Team {rN++ rCorr Int-4 SInv}
MR       ++...     Clarity  +   U - +0 pair of boots "Uggiypeo" {rPois rN+ Dex-4 Slay+5}
Stlth    ..........             G - amulet of regeneration
Regen    1.7/turn               D - +4 ring of evasion
MPRegen  0.3/turn               K - +2 ring of slaying

@: about to teleport, slow
A: +LOS, swims, hooves 1, horns 3, see invisible, clarity, deformed body,
deterioration 1, regeneration 2, slowness 1, weak 1, no potion heal 1, strong
legs 2
0: Orb of Zot
}: 4/15 runes: decaying, silver, abyssal, gossamer
a: Hop, Heroism, Finesse, Renounce Religion


You were on level 5 of the Realm of Zot.
You worshipped Okawaru.
Okawaru was exalted by your worship.
You were very full.

You visited 10 branches of the dungeon, and saw 50 of its levels.
You visited the Abyss 4 times.
You visited 1 bazaar.
You also visited: Wizlab.

You collected 8165 gold pieces.
You spent 1673 gold pieces at shops.

Inventory:

Hand Weapons
 i - a +9 longbow of velocity
 k - the +8 longbow "Zephyr" {speed, Dex+3 SInv}
   (You found it on level 3 of the Elven Halls)

   Attacks with this weapon are significantly faster.
   It affects your dexterity (+3).
   It lets you see invisible.
 o - a +0 demon trident
 F - the +11 longbow "Frog's Curse" (weapon) {freeze, Dex+2}
   (Okawaru gifted it to you on level 1 of the Swamp)

   It causes projectiles fired from it to freeze those they strike, causing
   extra injury to most foes and up to half again as much damage against
   particularly susceptible opponents.
   They can also slow down cold-blooded creatures.
   It affects your dexterity (+2).
Missiles
 d - 1350 arrows (quivered)
Armour
 a - a +2 cloak (worn)
 p - a +1 helmet
 q - the +2 pair of gloves of the Devil's Team (worn) {rN++ rCorr Int-4 SInv}
   (Okawaru gifted it to you on level 5 of the Vaults)

   It affects your intelligence (-4).
   It greatly protects you from negative energy.
   It lets you see invisible.
   It protects you from acid and corrosion.
 R - a +0 pair of boots of running
 U - the +0 pair of boots "Uggiypeo" (worn) {rPois rN+ Dex-4 Slay+5}
   (You found it on level 3 of the Swamp)

   It affects your dexterity (-4).
   It affects your accuracy and damage with ranged weapons and melee attacks
   (+5).
   It protects you from poison.
   It protects you from negative energy.
 Y - +8 storm dragon scales (worn)
Jewellery
 j - an uncursed ring of poison resistance
 u - an uncursed ring of protection from magic
 v - an uncursed ring of resist corrosion
 z - an uncursed ring of ice
 D - a +4 ring of evasion (left hand)
 G - an amulet of regeneration (around neck)
 H - an uncursed ring of positive energy
 K - a +2 ring of slaying (right hand)
 X - an uncursed ring of see invisible
Scrolls
 c - a scroll of magic mapping
 g - a scroll of silence
 l - 14 scrolls of amnesia
 m - a scroll of holy word
 w - 9 scrolls of fog
 x - 3 scrolls of recharging
 y - 30 scrolls of remove curse
 A - a scroll of enchant armour
 B - 10 scrolls of teleportation
 N - 5 scrolls of identify
 Q - 3 scrolls of brand weapon
 S - 8 scrolls of fear
Potions
 b - a potion of berserk rage
 e - 9 potions of cancellation
 h - 18 potions of curing
 s - a potion of brilliance
 t - 8 potions of mutation
 C - 2 potions of might
 E - 6 potions of flight
 I - 2 potions of agility
 J - 8 potions of ambrosia
 L - 3 potions of heal wounds
 M - 3 potions of magic
 P - 3 potions of haste
 T - 3 potions of resistance
 W - a potion of invisibility
Miscellaneous
 n - a fan of gales
Comestibles
 f - 29 bread rations
 r - 13 meat rations


   Skills:
 + Level 20.4 Fighting
 + Level 16.3 Polearms
 * Level 22.8 Bows
 - Level 14.3 Armour
 + Level 19.1 Dodging
 - Level 1.9 Stealth
 + Level 15.4 Spellcasting
 - Level 11.6 Hexes
 - Level 15.5 Charms
 - Level 14.7 Translocations
 * Level 11.2 Air Magic
 - Level 10.5 Invocations


You had 22 spell levels left.
You knew the following spells:

 Your Spells              Type           Power        Failure   Level  Hunger
a - Apportation           Tloc           ####..       1%          1    None
b - Infusion              Chrm           ####         1%          1    None
c - Song of Slaying       Chrm           ####....     1%          2    None
d - Inner Flame           Hex/Fire       ###.....     28%         3    ##.....
e - Regeneration          Chrm/Necr      ###.......   13%         3    ##.....
f - Shroud of Golubria    Chrm/Tloc      ####......   1%          2    None
g - Blink                 Tloc           N/A          1%          2    None
h - Swiftness             Chrm/Air       ####....     1%          2    None
i - Passwall              Tmut/Erth      #.........   85%         2    None
j - Passage of Golubria   Tloc           N/A          2%          4    ####...
k - Invisibility          Hex            ###.....     80%         6    #######
l - Deflect Missiles      Chrm/Air       ####......   54%         6    #######


Dungeon Overview and Level Annotations

Branches:
Dungeon (15/15)            Temple (1/1) D:4            Lair (6/6) D:10
  Swamp (4/4) Lair:2       Spider (4/4) Lair:4        Slime (0/5) Lair:5
    Orc (2/2) D:10            Elf (3/3) Orc:2        Vaults (5/5) D:14
  Crypt (0/3) Vaults:3     Depths (5/5) D:15            Zot (5/5) Depths:5

Altars:
Ashenzari
Dithmenos
Elyvilon
Fedhas
Gozag
Kikubaaqudgha
Nemelex Xobeh
Okawaru
Qazlal
Ru
Sif Muna
Trog
Uskayaw
Vehumet
Wu Jian
Xom
Yredelemnul
Zin
The Shining One
Jiyva
Lugonu

Shops:
D:9 *   D:10 }   Orc:2 :**[(   Vaults:1 *   Vaults:2 }   Depths:3 ?
Depths:4 [

Portals:
Hell: Depths:1 Depths:2 Depths:3 Depths:4 Depths:5
Abyss: Depths:2 Depths:3 Depths:4
Pandemonium: Depths:3
Ziggurat: Depths:4
Trove: D:11 (give +8 demon whip)

Annotations:
D:10 exclusion: 2 doors
Elf:2 5 runed doors


Innate Abilities, Weirdness & Mutations

Shadows flee at your approach. (+LOS)
You can swim through water.
You cover ground slowly.
You can hop longer distances.
You have large cloven feet.
You have a pair of large horns on your head.
You have supernaturally acute eyesight. (SInv)
You possess an exceptional clarity of mind.
Armour fits poorly on your strangely shaped body.
Your body sometimes deteriorates upon taking damage.
You heal very quickly.
You are weak. (Str -2)
Potions are less effective at restoring your health.


Message History

The Orb Guardian hits your tentacled monstrosity!!
The Orb Guardian misses you.
The Orb Guardian hits you but does no damage.
The Orb Guardian hits your orb of fire!!
Your system partially rejects the healing.
You feel much better. The Orb Guardian barely misses you.
The Orb Guardian hits your orb of fire. The Killer Klown kneecaps you!
The Killer Klown freezes you!!
* * * LOW HITPOINT WARNING * * *
The orb of fire glows yellow.
The bolt of fire hits you!
* * * LOW HITPOINT WARNING * * *
Your body deteriorates!
You feel weakened.
The bolt of fire hits your tentacled monstrosity.
Your tentacled monstrosity resists.
Your tentacled monstrosity dies!
Your moth of wrath bites the Orb Guardian.
Your moth of wrath infuriates the Orb Guardian!
The Orb Guardian goes berserk!
The Orb Guardian hits you!!!
You die...

▓▓▓▓▓▓▓▓▓▓▓▓▓▓▓
▓▓▓▓.....y.......▓▓▓▓
*▓......p.Xq.........▓▓▓
**.......X@XXX..........▓▓
*,.......X*X*............▓
*,.......*8DXX...........▓*
**.......dXXdpd..........▓*
*▓.......y...q...(......▓.
▓▓.........XXd...^X....XX
*▓.......p............d.▓X
**....................qX.▓▓
*,.................^X....▓*


You could see 2 orbs of fire, 3 Killer Klowns, an electric golem, a green
draconian monk, a yellow draconian knight (invisible), a storm dragon, a black
draconian, 2 draconians, a purple draconian, 13 Orb Guardians, a moth of wrath,
a friendly orb of fire and a friendly moth of wrath.

Vanquished Creatures
  An ancient lich (Vaults:5)
  Mara (Depths:2)
  Frederick (Vaults:2)
  Saint Roka (Orc:2)
  the Lernaean hydra (Swamp:4)
  3 curse toes
  A caustic shrike (Depths:2)
  7 golden dragons
  2 bone dragons (Depths:5)
  Jory (Vaults:1)
  5 electric golems
  Nikola (Elf:1)
  Jorgrun (Swamp:2)
  7 Orb Guardians (Zot:5)
  Rupert (D:12)
  3 quicksilver dragons
  14 tentacled monstrosities
  5 liches
  2 titans
  3 deep elf blademasters (Elf:3)
  Asterion (Depths:2)
  Frances (D:12)
  A kraken (Abyss:4)
  2 deep elf master archers (Elf:3)
  10 death cobs
  5 sphinxes
  6 thorn hunters
  14 shadow dragons
  The ghost of MikeHunt the Bludgeoner, an adept DsAr of Cheibriados (Spider:4)
  11 storm dragons
  Roxanne (Elf:3)
  4 tengu reavers
  17 fire giants
  2 revenants
  8 draconian monks
  4 ghost moths
  A daeva (Abyss:3)
  4 deep elf sorcerers (Elf:3)
  Louise (Swamp:2)
  8 frost giants
  An iron dragon (Depths:4)
  A juggernaut zombie (Depths:2)
  A cacodemon (Abyss:4)
  23 vault wardens
  7 draconian knights
  6 draconian scorchers
  6 draconian shifters
  4 deep elf elementalists
  5 emperor scorpions
  11 ironheart preservers
  2 draconian stormcallers
  7 draconian annihilators
  A reaper (Depths:2)
  A caustic shrike skeleton (Depths:2)
  6 spriggan defenders
  20 stone giants
  15 very ugly things
  A war gargoyle (Vaults:5)
  3 vampire knights
  15 green draconians
  An entropy weaver (Spider:2)
  11 black draconians
  10 white draconians
  21 purple draconians
  Azrael (Elf:2)
  Nessos (Orc:2)
  4 deep elf demonologists (Elf:3)
  6 red draconians
  9 deep elf annihilators
  7 spark wasps
  A dire elephant (D:15)
  10 yellow draconians
  11 ettins
  9 statues (WizLab)
  An eidolon (Vaults:3)
  2 jiangshi (Depths:1)
  2 merfolk impalers
  7 deep elf death magi
  12 fire dragons
  4 deep elf high priests
  9 great orbs of eyes
  19 yaktaur captains
  Erolcha (D:13)
  A rakshasa (Vaults:3)
  9 ice dragons
  A monstrous demonspawn (Depths:3)
  44 vault guards
  21 hydras
  A hell beast (Depths:3)
  13 spriggan air magi
  3 death knights
  3 ghost crabs
  2 catoblepae
  Erica (Lair:1)
  13 centaur warriors
  An anaconda (shapeshifter) (Depths:2)
  54 two-headed ogres
  4 alligators
  5 death yaks (Lair:3)
  2 tengu warriors
  17 ogre magi
  12 deep troll earth magi
  3 vampire magi
  10 deep troll shamans
  10 dancing weapons
  3 thrashing horrors (Abyss:3)
  5 orc high priests
  3 hell knights (Depths:2)
  6 spriggan berserkers
  The ghost of DEFE the Nimble, a journeyman DECK of Xom (Lair:1)
  A titan skeleton (Depths:4)
  6 skeletal warriors
  19 deep elf knights
  3 wretched stars (Abyss:3)
  2 shadow wraiths
  3 flayed ghosts
  2 fire crabs
  A spatial maelstrom (Abyss:3)
  3 unseen horrors
  A storm dragon skeleton (Depths:4)
  The ghost of Potsanchik the Carver, a novice DrWr of Wu Jian (D:7)
  A death drake (shapeshifter) (Depths:3)
  A spark wasp zombie (Depths:4)
  40 deep trolls
  An unseen horror (shapeshifter) (Depths:5)
  A glowing orange brain (Vaults:4)
  A torturous demonspawn (Depths:3)
  2 spriggan druids
  An iron troll (Depths:3)
  11 swamp dragons
  2 shadow demons
  An infernal demonspawn (Depths:3)
  15 deep elf archers
  5 wizards
  A golden dragon skeleton (Depths:2)
  22 orc knights
  2 shambling mangroves
  4 phantasmal warriors
  12 ironbrand convokers
  2 necromancers
  6 orc sorcerers
  87 deep elf magi
  18 harpies
  43 wolf spiders
  18 ugly things
  3 cyclopes
  14 orb spiders
  A moth of wrath (shapeshifter) (Elf:2)
  33 moths of wrath
  5 manticores
  18 elephants
  A frost giant skeleton (Depths:2)
  2 black mambas (shapeshifter)
  A centaur zombie (D:14)
  Maurice (Orc:2)
  3 apocalypse crabs
  20 vault sentinels
  8 black mambas
  A spiny frog (shapeshifter) (Depths:4)
  A naga mage (D:15)
  6 molten gargoyles
  An orange demon (Abyss:3)
  3 gargoyles
  A smoke demon (Abyss:4)
  2 hellions (Zot:3)
  13 spiny frogs
  7 freezing wraiths
  7 komodo dragons
  An elf zombie (Depths:4)
  A kobold demonologist (D:11)
  48 yaktaurs
  2 efreet (Zot:3)
  4 rime drakes
  2 red devils (Depths:3)
  18 demonic crawlers
  4 tengu conjurers
  An ancient zyme (Abyss:3)
  A queen bee (shapeshifter) (Depths:3)
  A meliai (shapeshifter) (D:15)
  22 jumping spiders
  2 hornets (shapeshifter)
  A wolf spider simulacrum (D:14)
  4 trolls
  3 wind drakes (Depths:4)
  18 hornets
  Grinder (D:5)
  5 tyrant leeches
  12 bog bodies
  19 blink frogs
  A harpy skeleton (D:15)
  2 hippogriffs (shapeshifter) (Depths:2)
  6 dream sheep (Lair:6)
  34 slime creatures
  11 hippogriffs
  An iron dragon simulacrum (Depths:4)
  A dream sheep (shapeshifter) (Depths:2)
  A flying skull (Vaults:3)
  5 spriggans
  Sigmund (D:5)
  51 tarantellas
  12 air elementals
  5 wyverns
  2 shadows
  3 wraiths
  11 water elementals
  2 vampires (D:15)
  5 basilisks
  54 redbacks
  A yak (shapeshifter) (Elf:3)
  63 yaks
  A chaos spawn (Abyss:3)
  14 fire elementals
  2 hungry ghosts (D:11)
  A neqoxec (Abyss:3)
  3 large abominations
  6 wargs
  2 steam dragons (Lair:6)
  23 vampire mosquitoes
  A spatial vortex (Abyss:3)
  3 insubstantial wisps (Swamp:3)
  23 swamp worms
  An acid dragon (D:12)
  14 water moccasins
  A water moccasin (shapeshifter) (Vaults:3)
  15 hell hounds
  A floating eye (Depths:5)
  8 porcupines
  7 sky beasts
  4 ice beasts
  18 swamp drakes
  50 orc warriors
  A phantom (D:6)
  A hornet zombie (D:9)
  An eye of draining (D:11)
  12 boggarts
  A black bear (D:7)
  9 wolves
  48 ogres
  27 centaurs
  26 crocodiles
  8 big kobolds
  13 bullfrogs
  2 earth elementals
  A wyvern zombie (D:14)
  A water moccasin zombie (D:8)
  34 scorpions
  A tengu zombie (Depths:2)
  3 electric eels
  4 wights (D:12)
  3 howler monkeys
  A bullfrog zombie (D:10)
  12 crimson imps
  5 lava snakes (Lair:6)
  4 quasits
  4 hounds
  5 jellies
  14 orc priests
  Crazy Yiuf (D:5)
  39 orc wizards
  3 bullfrog skeletons
  5 centaur skeletons
  2 iron imps (Depths:3)
  Jessica (D:2)
  Terence (D:2)
  18 iguanas
  9 worker ants
  3 small abominations
  2 hound zombies (D:9)
  2 howler monkey zombies (D:6)
  2 worker ant zombies
  10 adders
  A shadow imp (Depths:3)
  4 ufetubi
  An ooze (D:3)
  An adder zombie (D:5)
  2 adder skeletons
  6 worms
  A dart slug (D:3)
  13 leopard geckos
  98 orcs
  5 bats
  4 giant cockroaches
  7 goblins
  4 hobgoblins
  13 jackals
  7 quokkas
  3 ball pythons
  12 frilled lizards
  26 kobolds
  10 rats
  3 crawling corpses (Vaults:5)
  2 fire vortices (Depths:4)
  A fungus (D:5)
  A plant (Swamp:4)
  A tentacle (Abyss:4)
2402 creatures vanquished.

Vanquished Creatures (collateral kills)
  A golden dragon (Vaults:5)
  2 tentacled monstrosities (Abyss:4)
  A vault warden (Vaults:5)
  A stone giant (Vaults:5)
  A yaktaur captain (Vaults:5)
  An orange demon (Abyss:4)
  A freezing wraith (Vaults:5)
  2 yaktaurs (Vaults:5)
  An ogre (Vaults:5)
  A crawling corpse (Vaults:5)
12 creatures vanquished.

Vanquished Creatures (others)
  A golden dragon (Zot:3)
  A draconian monk (Zot:3)
  A draconian annihilator (Zot:4)
  A draconian stormcaller (Zot:1)
  An ogre mage (Vaults:4)
  2 two-headed ogres (Vaults:4)
  A wizard (Depths:2)
  2 deep elf magi (Elf:1)
  An orange demon (Abyss:4)
  An air elemental (Depths:4)
  A tarantella (Spider:2)
  A tarantella (shapeshifter) (Elf:2)
  3 water elementals (Depths:4)
  2 ogres (Vaults:4)
  An orc priest (Orc:2)
  2 kobolds (D:13)
  A fire vortex (Depths:4)
  10 fungi
  13 plants
  3 tentacles (Abyss:4)
49 creatures vanquished.

Grand Total: 2463 creatures vanquished

Notes
Turn   | Place    | Note
-------+----------+-------------------------------------------
     0 | D:1      | inmateoo the Barachi Hunter began the quest for the Orb.
     0 | D:1      | Reached XP level 1. HP: 17/17 MP: 1/1
    29 | D:1      | Reached skill level 1 in Stealth
   335 | D:1      | Reached XP level 2. HP: 23/23 MP: 2/2
  1050 | D:2      | Reached XP level 3. HP: 24/29 MP: 3/3
  1051 | D:2      | Noticed Jessica
  1064 | D:2      | Killed Jessica
  1064 | D:2      | Reached skill level 1 in Polearms
  1328 | D:2      | Reached XP level 4. HP: 35/35 MP: 4/4
  1350 | D:2      | Noticed Terence
  1361 | D:2      | Killed Terence
  1926 | D:3      | Reached XP level 5. HP: 34/41 MP: 5/5
  1980 | D:3      | Found a shadowy altar of Dithmenos.
  2024 | D:3      | Found a stormy altar of Qazlal.
  2676 | D:4      | Reached XP level 6. HP: 48/48 MP: 6/6
  2699 | D:4      | Found a staircase to the Ecumenical Temple.
  2719 | D:4      | Reached skill level 5 in Bows
  2764 | Temple   | Entered the Ecumenical Temple
  2919 | Temple   | Became a worshipper of Warmaster Okawaru
  3163 | D:4      | Reached skill level 1 in Armour
  3163 | D:4      | Reached XP level 7. HP: 35/54 MP: 7/7
  3619 | D:5      | Entered Level 5 of the Dungeon
  3626 | D:5      | Reached * piety under Okawaru
  3792 | D:5      | Noticed Sigmund
  3819 | D:5      | Killed Sigmund
  4108 | D:5      | Reached XP level 8. HP: 51/61 MP: 8/8
  4240 | D:5      | Reached skill level 5 in Fighting
  4493 | D:5      | Noticed Grinder
  4506 | D:5      | Killed Grinder
  4506 | D:5      | Reached ** piety under Okawaru
  4506 | D:5      | Reached skill level 5 in Polearms
  4506 | D:5      | Reached skill level 6 in Bows
  5045 | D:5      | Found a runed door.
  5049 | D:5      | Noticed Crazy Yiuf
  5057 | D:5      | Killed Crazy Yiuf
  5165 | D:6      | Found a sacrificial altar of Ru.
  5185 | D:6      | Reached skill level 5 in Armour
  5335 | D:6      | Found a hide-covered altar of Uskayaw.
  5336 | D:6      | Noticed a hand axe
  5337 | D:6      | Noticed a hand axe
  5346 | D:6      | Found a basalt altar of Yredelemnul.
  5354 | D:6      | Found a blossoming altar of Fedhas.
  5358 | D:6      | Found a shattered altar of Ashenzari.
  5596 | D:6      | Reached XP level 9. HP: 45/69 MP: 9/9
  5633 | D:7      | Reached skill level 5 in Dodging
  6544 | D:7      | Noticed Potsanchik's ghost (novice DrWr)
  6892 | D:8      | Reached *** piety under Okawaru
  6980 | D:8      | Noticed a two-headed ogre
  6995 | D:8      | Killed a two-headed ogre
  6995 | D:8      | Reached skill level 7 in Bows
  6995 | D:8      | Reached skill level 1 in Invocations
  7418 | D:8      | Noticed a two-headed ogre
  7433 | D:8      | Killed a two-headed ogre
  7433 | D:8      | Reached XP level 10. HP: 73/79 MP: 8/11
  7616 | D:9      | Reached **** piety under Okawaru
  7851 | D:9      | Noticed a two-headed ogre
  7863 | D:9      | Killed a two-headed ogre
  7958 | D:9      | Found a bloodstained altar of Trog.
  7958 | D:9      | Noticed a moth of wrath
  8021 | D:9      | Found Jufonimy's Assorted Antiques.
  8100 | D:9      | Received a gift from Okawaru
  8100 | D:9      | Reached XP level 11. HP: 69/86 MP: 13/13
  8120 | D:9      | Bought a scroll of identify for 48 gold pieces
  8120 | D:9      | Bought a potion of agility for 96 gold pieces
  8120 | D:9      | Bought a lumpy silvery potion for 21 gold pieces
  8302 | D:10     | Entered Level 10 of the Dungeon
  8411 | D:10     | Found a staircase to the Lair.
  8461 | D:10     | Found a staircase to the Orcish Mines.
  8516 | D:10     | Killed an unseen horror
  8516 | D:10     | Received a gift from Okawaru
  8516 | D:10     | Reached ***** piety under Okawaru
  8516 | D:10     | Reached skill level 8 in Bows
  8659 | D:10     | Found Roufug's Gadget Emporium.
  9170 | D:11     | Received a gift from Okawaru
  9193 | D:11     | Noticed a purple ugly thing
  9206 | D:11     | Killed a purple ugly thing
  9206 | D:11     | Received a gift from Okawaru
  9214 | D:11     | Gained mutation: Your spells are a little harder to cast, but a little more powerful. [mutagenic meat]
  9240 | D:11     | Reached skill level 10 in Armour
  9407 | D:11     | Found a portal to a secret trove of treasure.
  9640 | D:11     | Noticed a two-headed ogre
  9662 | D:11     | Killed a two-headed ogre
  9662 | D:11     | Received a gift from Okawaru
  9972 | D:11     | Received a gift from Okawaru
 10003 | D:12     | Reached XP level 12. HP: 74/95 MP: 15/15
 10082 | D:12     | Noticed a two-headed ogre
 10106 | D:12     | Reached skill level 10 in Polearms
 10221 | D:12     | Noticed Rupert
 10316 | D:13     | Noticed a two-headed ogre
 10316 | D:13     | Noticed a centaur warrior
 10332 | D:13     | Killed a two-headed ogre
 10332 | D:13     | Received a gift from Okawaru
 10345 | D:13     | Killed a centaur warrior
 10588 | D:13     | Reached skill level 9 in Bows
 10883 | D:13     | Gained mutation: You possess an exceptional clarity of mind. [mutagenic meat]
 10884 | D:13     | Gained mutation: You are weak. (Str -2) [mutagenic meat]
 10885 | D:13     | Gained mutation: Your spells are harder to cast, but more powerful. [mutagenic meat]
 11054 | D:13     | Noticed a centaur warrior
 11069 | D:13     | Killed a centaur warrior
 11085 | D:13     | Noticed Erolcha
 11135 | D:14     | Noticed a centaur warrior
 11152 | D:14     | Killed a centaur warrior
 11177 | D:14     | Reached ****** piety under Okawaru
 11177 | D:14     | Received a gift from Okawaru
 11284 | D:14     | Noticed a centaur warrior
 11312 | D:14     | Killed a centaur warrior
 11435 | D:14     | Received a gift from Okawaru
 11602 | D:14     | Noticed a vault guard
 11799 | D:12     | Killed a two-headed ogre
 11799 | D:12     | Reached skill level 5 in Invocations
 11831 | D:12     | Reached skill level 10 in Fighting
 11862 | D:12     | Gained mutation: You can hop longer distances. [Barachi growth]
 11862 | D:12     | Reached XP level 13. HP: 79/103 MP: 16/16
 12017 | Lair:1   | Entered Level 1 of the Lair of Beasts
 12175 | Lair:1   | Received a gift from Okawaru
 12208 | Lair:1   | Got a brightly glowing longbow {god gift}
 12229 | Lair:1   | Noticed DEFE's ghost (journeyman DECK)
 12365 | Lair:2   | Found a staircase to the Swamp.
 13598 | Lair:3   | Received a gift from Okawaru
 13713 | Lair:3   | Received a gift from Okawaru
 14187 | Lair:3   | Identified the +3 longbow of Big Damage {freeze, MR+} (Okawaru gifted it to you on level 1 of the Lair of Beasts)
 14250 | Lair:4   | Reached skill level 10 in Bows
 14419 | Lair:4   | Found a hole to the Spider Nest.
 14772 | Lair:4   | Reached skill level 10 in Dodging
 15096 | Lair:4   | Found a stormy altar of Qazlal.
 15106 | Lair:4   | Reached XP level 14. HP: 111/111 MP: 18/18
 15749 | Lair:5   | Learned a level 1 spell: Apportation
 15751 | Lair:5   | Learned a level 1 spell: Infusion
 15754 | Lair:5   | Learned a level 2 spell: Song of Slaying
 15758 | Lair:5   | Learned a level 3 spell: Ignite Poison
 15762 | Lair:5   | Learned a level 3 spell: Regeneration
 15765 | Lair:5   | Learned a level 2 spell: Shroud of Golubria
 15788 | Lair:5   | Reached skill level 1 in Charms
 15985 | Lair:5   | Found a staircase to the Slime Pits.
 15985 | Lair:5   | Found a viscous altar of Jiyva.
 16444 | Lair:6   | Entered Level 6 of the Lair of Beasts
 16594 | Lair:6   | Reached skill level 1 in Spellcasting
 16920 | Lair:6   | Received a gift from Okawaru
 17152 | Lair:6   | Found a large runed door.
 17153 | Lair:6   | Found a large runed door.
 17900 | Lair:6   | Reached skill level 11 in Bows
 17922 | Lair:6   | Received a gift from Okawaru
 18228 | Lair:6   | Received a gift from Okawaru
 18463 | Lair:6   | Received a gift from Okawaru
 18755 | Lair:1   | Killed DEFE's ghost
 18789 | Lair:1   | Reached XP level 15. HP: 110/120 MP: 20/20
 19086 | Lair:1   | Noticed Erica
 19091 | Lair:1   | Killed Erica
 19091 | Lair:1   | Received a gift from Okawaru
 19787 | D:7      | Killed Potsanchik's ghost
 19891 | Orc:1    | Entered Level 1 of the Orcish Mines
 19907 | Orc:1    | Received a gift from Okawaru
 20232 | Orc:2    | Entered Level 2 of the Orcish Mines
 20232 | Orc:2    | Noticed Nessos
 20240 | Orc:2    | HP: 1/120 [orc warrior/tomahawk (9)]
 20697 | Orc:2    | Killed Nessos
 21021 | Orc:2    | Found a staircase to the Elven Halls.
 21120 | Orc:2    | Noticed Maurice
 21128 | Orc:2    | Killed Maurice
 21314 | Orc:2    | Found Jurch's Weapon Shop.
 21319 | Orc:2    | Noticed Saint Roka
 21356 | Orc:1    | Reached skill level 5 in Charms
 21629 | Orc:2    | Killed Saint Roka
 21629 | Orc:2    | Received a gift from Okawaru
 21629 | Orc:2    | Reached skill level 12 in Bows
 21771 | Orc:2    | Found a shimmering altar of Xom.
 22005 | Orc:2    | Found Jakhleufe's Armour Boutique.
 22005 | Orc:2    | Found Woffa's Book Shoppe.
 22009 | Orc:2    | Found Siteas's Assorted Antiques.
 22009 | Orc:2    | Found Ywo Esse's General Store.
 22029 | Orc:2    | Bought 3 scrolls of enchant weapon for 360 gold pieces
 22033 | Orc:2    | Bought a scroll of identify for 60 gold pieces
 22042 | Orc:2    | Bought a +4 chain mail of poison resistance for 456 gold pieces
 22855 | D:11     | Gained mutation: Your natural rate of healing is unusually fast. [mutagenic meat]
 22857 | D:11     | Gained mutation: You are agile. (Dex +2) [mutagenic meat]
 22858 | D:11     | Gained mutation: You have supernaturally acute eyesight. (SInv) [mutagenic meat]
 22924 | D:12     | Received a gift from Okawaru
 22925 | D:12     | Got a polished chain mail {god gift}
 22966 | D:12     | Killed Rupert
 22990 | D:12     | Found a white marble altar of Elyvilon.
 23026 | D:12     | Reached skill level 5 in Spellcasting
 23195 | D:12     | Noticed Frances
 23317 | D:12     | Killed Frances
 23336 | D:12     | Lost mutation: Your spells are harder to cast, but more powerful. [mutagenic meat]
 23470 | D:12     | Identified the +1 chain mail of Nynoel {MR+ rCorr Str-5} (Okawaru gifted it to you on level 12 of the Dungeon)
 23567 | D:13     | Reached XP level 16. HP: 129/129 MP: 23/23
 23668 | D:13     | Killed Erolcha
 23962 | D:14     | Gained mutation: You have large cloven feet. [mutagenic meat]
 24097 | D:14     | Found a gate to the Vaults.
 24433 | D:14     | Reached skill level 13 in Bows
 24517 | D:15     | Entered Level 15 of the Dungeon
 24713 | D:15     | Gained mutation: Your spells are harder to cast, but more powerful. [mutagenic meat]
 24715 | D:15     | Gained mutation: You have a pair of small horns on your head. [mutagenic meat]
 24716 | D:15     | Gained mutation: You have a pair of horns on your head. [mutagenic meat]
 24717 | D:15     | Gained mutation: Potions are less effective at restoring your health. [mutagenic meat]
 24718 | D:15     | Lost mutation: Your spells are harder to cast, but more powerful. [mutagenic meat]
 24856 | D:15     | Found an opulent altar of Gozag.
 24880 | D:15     | Found a staircase to the Depths.
 25111 | D:15     | Received a gift from Okawaru
 25112 | D:15     | Got an encrusted chain mail {god gift}
 25123 | D:15     | Identified the +8 chain mail "Ucaguir" {MP+9} (Okawaru gifted it to you on level 15 of the Dungeon)
 25424 | D:15     | Learned a level 2 spell: Blink
 25448 | Depths:1 | Entered Level 1 of the Depths
 25525 | Depths:1 | Found a corrupted altar of Lugonu.
 25547 | Depths:1 | Reached skill level 1 in Translocations
 25716 | Depths:1 | Learned a level 2 spell: Swiftness
 25719 | Depths:1 | Learned a level 2 spell: Passwall
 25724 | Depths:1 | Learned a level 4 spell: Passage of Golubria
 25731 | Depths:1 | Learned a level 6 spell: Invisibility
 25799 | Depths:1 | Reached skill level 1 in Hexes
 25889 | Depths:1 | Noticed a lich
 25898 | Depths:1 | Cast into level 3 of the Abyss (a lich)
 25976 | Abyss:4  | Noticed a lich
 25984 | Abyss:4  | Killed a lich
 26037 | Depths:1 | Escaped the Abyss
 26300 | Swamp:1  | Entered Level 1 of the Swamp
 26465 | Swamp:1  | Reached XP level 17. HP: 137/137 MP: 27/27
 26817 | Swamp:1  | Received a gift from Okawaru
 26822 | Swamp:1  | Got a steaming longbow {god gift}
 26823 | Swamp:1  | Identified the +11 longbow "Frog's Curse" {freeze, Dex+2} (Okawaru gifted it to you on level 1 of the Swamp)
 27355 | Swamp:2  | Noticed Jorgrun
 27363 | Swamp:2  | Killed Jorgrun
 27455 | Swamp:2  | Noticed Louise
 27467 | Swamp:2  | Killed Louise
 27525 | Swamp:2  | Received a gift from Okawaru
 27525 | Swamp:2  | Reached skill level 14 in Bows
 28701 | Swamp:3  | Got a pair of distressingly furry boots
 28712 | Swamp:3  | Identified the +0 pair of boots "Uggiypeo" {rPois rN+ Dex-4 Slay+5} (You found it on level 3 of the Swamp)
 28903 | Swamp:4  | Entered Level 4 of the Swamp
 28930 | Swamp:4  | Received a gift from Okawaru
 29116 | Swamp:4  | Noticed the 27-headed Lernaean hydra
 29121 | Swamp:4  | Received a gift from Okawaru
 29127 | Swamp:4  | Killed the 27-headed Lernaean hydra
 29165 | Swamp:4  | Reached skill level 5 in Translocations
 29215 | Swamp:4  | Got a decaying rune of Zot
 29505 | Swamp:4  | Received a gift from Okawaru
 29505 | Swamp:4  | Reached XP level 18. HP: 145/145 MP: 29/29
 29910 | Spider:1 | Entered Level 1 of the Spider Nest
 30224 | Spider:1 | Reached skill level 5 in Hexes
 31020 | Spider:2 | Reached skill level 10 in Invocations
 31501 | Spider:2 | Reached skill level 15 in Bows
 31736 | Spider:2 | Received a gift from Okawaru
 32516 | Spider:4 | Entered Level 4 of the Spider Nest
 32575 | Spider:4 | Received a gift from Okawaru
 32824 | Spider:4 | Received a gift from Okawaru
 32899 | Spider:4 | Received a gift from Okawaru
 32928 | Spider:4 | Got a slimy longbow {god gift}
 32930 | Spider:4 | Identified the +5 longbow "Beetleslayer" {flame, MR- MP+9 Dex+3} (Okawaru gifted it to you on level 4 of the Spider Nest)
 32976 | Spider:4 | Noticed MikeHunt's ghost (adept DsAr)
 32987 | Spider:4 | Killed MikeHunt's ghost
 32987 | Spider:4 | Reached XP level 19. HP: 95/153 MP: 31/31
 33122 | Spider:4 | Reached skill level 10 in Charms
 33409 | Spider:4 | Received a gift from Okawaru
 33716 | Spider:4 | Got a gossamer rune of Zot
 34032 | Vaults:1 | Entered Level 1 of the Vaults
 34076 | Vaults:1 | Found a magical portal.
 34115 | WizLab   | Entered Iskenderun's Mystic Tower
 34238 | WizLab   | Received a gift from Okawaru
 34977 | WizLab   | Identified the Papyrus of Translocation
 35051 | WizLab   | Identified Iskenderun's Papyrus of Conjuration
 35051 | WizLab   | Identified Iskenderun's Grimoire of Conjuration
 35118 | WizLab   | Reached skill level 15 in Fighting
 35431 | Vaults:1 | Found Kochoba's Assorted Antiques.
 35444 | Vaults:1 | Bought a scroll of identify for 40 gold pieces
 35444 | Vaults:1 | Bought a potion of curing for 60 gold pieces
 35444 | Vaults:1 | Bought a scroll of enchant armour for 150 gold pieces
 35444 | Vaults:1 | Bought a fine helmet for 190 gold pieces
 35444 | Vaults:1 | Identified the -5 helmet of the Forgotten Queens {rN+} (You bought it in a shop on level 1 of the Vaults)
 35722 | Vaults:1 | Received a gift from Okawaru
 35723 | Vaults:1 | Reached skill level 16 in Bows
 36057 | Vaults:1 | Reached XP level 20. HP: 93/162 MP: 33/33
 36236 | Vaults:1 | Received a gift from Okawaru
 36618 | Vaults:2 | Noticed Jory
 36639 | Vaults:1 | Killed Jory
 36639 | Vaults:1 | Received a gift from Okawaru
 36640 | Vaults:1 | Cast into level 3 of the Abyss (a wizard)
 36725 | Abyss:3  | Gained mutation: Your body sometimes deteriorates upon taking damage. [a neqoxec]
 36748 | Abyss:3  | Received a gift from Okawaru
 36786 | Vaults:1 | Escaped the Abyss
 36976 | Vaults:2 | Found Icepp's Gadget Emporium.
 37088 | Vaults:2 | Received a gift from Okawaru
 37148 | Vaults:2 | Noticed Frederick
 37165 | Vaults:2 | Killed Frederick
 37226 | Vaults:2 | Received a gift from Okawaru
 37237 | Vaults:2 | Got an ichor-stained longbow {god gift}
 37238 | Vaults:2 | Identified the +5 longbow of Tortfeasance {venom, rPois rF- rN++ MR+} (Okawaru gifted it to you on level 2 of the Vaults)
 37672 | Vaults:2 | Reached skill level 10 in Spellcasting
 38486 | Vaults:3 | Paralysed by an orc sorcerer for 2 turns
 38565 | Vaults:3 | Received a gift from Okawaru
 39051 | Vaults:3 | Reached skill level 17 in Bows
 39051 | Vaults:3 | Reached XP level 21. HP: 141/170 MP: 35/35
 39188 | Vaults:3 | Found a staircase to the Crypt.
 39243 | Vaults:3 | Received a gift from Okawaru
 39243 | Vaults:3 | Reached skill level 15 in Dodging
 39591 | Vaults:3 | Reached skill level 10 in Translocations
 39782 | Vaults:4 | Found a flickering gateway to a bazaar.
 39792 | Bazaar   | Entered a bazaar
 39794 | Bazaar   | Found Lutefa's Gadget Boutique.
 39797 | Bazaar   | Found Piheseh's Antique Weapon Boutique.
 39798 | Bazaar   | Found Liniq's Food Boutique.
 39798 | Bazaar   | Found Osasel's General Store.
 39813 | Bazaar   | Bought a meat ration for 45 gold pieces
 39813 | Bazaar   | Bought a meat ration for 45 gold pieces
 39813 | Bazaar   | Bought a meat ration for 45 gold pieces
 41071 | Vaults:1 | Reached skill level 10 in Hexes
 41364 | Depths:1 | Cast into level 3 of the Abyss (a lich)
 41608 | Abyss:4  | Received a gift from Okawaru
 41623 | Abyss:4  | Got a twisted glaive {god gift}
 41646 | Abyss:4  | Identified the +6 glaive of a ziggurat {venom, *Drain rF++ rN++} (Okawaru gifted it to you on level 4 of the Abyss)
 41662 | Abyss:4  | Paralysed by you for 7 turns
 41682 | Abyss:4  | Gained mutation: You are dopey. (Int -2) [a cacodemon]
 41685 | Abyss:4  | Gained mutation: Armour fits poorly on your strangely shaped body. [a cacodemon]
 41689 | Abyss:4  | Got an abyssal rune of Zot
 41701 | Abyss:4  | Gained mutation: Your body often deteriorates upon taking damage. [a cacodemon]
 41703 | Abyss:4  | Lost mutation: You are agile. (Dex +2) [a cacodemon]
 41722 | Depths:1 | Escaped the Abyss
 41735 | Depths:1 | Reached XP level 22. HP: 125/179 MP: 34/37
 42246 | Depths:1 | Reached skill level 18 in Bows
 42319 | Depths:1 | Found a gateway to Hell.
 42426 | Depths:2 | Found a one-way gate to the infinite horrors of the Abyss.
 42651 | Depths:2 | Received a gift from Okawaru
 42738 | Depths:2 | Noticed Asterion
 42755 | Depths:2 | Killed Asterion
 42837 | Depths:2 | Noticed Mara
 42927 | Depths:3 | Found Kake's Magic Scroll Emporium.
 42937 | Depths:3 | Bought a scroll of teleportation for 57 gold pieces
 43038 | Depths:3 | Found a one-way gate leading to the halls of Pandemonium.
 43933 | Depths:2 | Lost mutation: You are dopey. (Int -2) [mutagenic meat]
 44606 | Depths:2 | HP: 9/180 [spriggan air mage/bolt of lightning (6)]
 45104 | Depths:2 | Noticed a golden dragon
 45106 | Depths:2 | Noticed a caustic shrike
 45117 | Depths:2 | Killed a caustic shrike
 45121 | Depths:2 | Killed a golden dragon
 45156 | Depths:2 | Lost mutation: Your spells are a little harder to cast, but a little more powerful. [potion of mutation]
 45156 | Depths:2 | Lost mutation: You possess an exceptional clarity of mind. [potion of mutation]
 45156 | Depths:2 | Lost mutation: You are weak. (Str -2) [potion of mutation]
 45156 | Depths:2 | Lost mutation: Your body often deteriorates upon taking damage. [potion of mutation]
 45156 | Depths:2 | Lost mutation: Your body sometimes deteriorates upon taking damage. [potion of mutation]
 45156 | Depths:2 | Gained mutation: You have a pair of large horns on your head. [potion of mutation]
 45156 | Depths:2 | Gained mutation: You possess an exceptional clarity of mind. [potion of mutation]
 45156 | Depths:2 | Gained mutation: Your spells are a little harder to cast, but a little more powerful. [potion of mutation]
 45466 | Depths:2 | Noticed inmateoo's illusion
 45517 | Depths:2 | Killed Mara
 45517 | Depths:2 | Reached XP level 23. HP: 47/187 MP: 30/38
 45719 | Depths:2 | Received a gift from Okawaru
 45815 | Depths:3 | Found a runed door.
 45881 | Depths:3 | Found a runed door.
 45902 | Depths:2 | Received a gift from Okawaru
 45998 | Depths:3 | Found a runed door.
 46006 | Depths:3 | Found a runed door.
 46094 | Depths:3 | Got a spiked plate armour
 46095 | Depths:3 | Identified the cursed +0 plate armour "Coofobb" {-Tele rC++ Regen+ rCorr Int+4} (You found it on level 3 of the Depths)
 46837 | Depths:4 | Received a gift from Okawaru
 46874 | Depths:4 | Received a gift from Okawaru
 47117 | Depths:5 | Entered Level 5 of the Depths
 47155 | Depths:5 | Received a gift from Okawaru
 47166 | Depths:5 | Reached skill level 19 in Bows
 47339 | Depths:5 | Paralysed by a vampire knight for 6 turns
 47351 | Depths:5 | Received a gift from Okawaru
 47470 | Depths:5 | Found a gate to the Realm of Zot.
 47503 | Depths:5 | Received a gift from Okawaru
 47882 | Depths:5 | Received a gift from Okawaru
 48092 | Depths:5 | Reached XP level 24. HP: 176/194 MP: 39/39
 48133 | Depths:5 | Received a gift from Okawaru
 48137 | Depths:5 | Got a faintly glowing scale mail {god gift}
 48149 | Depths:5 | Identified the +3 scale mail "Zelobewk" {rN+ MP+9 Int+2 Dex+3} (Okawaru gifted it to you on level 5 of the Depths)
 48952 | Depths:4 | Found Kywied's Antique Armour Shoppe.
 49177 | Depths:4 | Found a gateway to a ziggurat.
 49876 | Depths:4 | Identified the Incunabulum of Earth
 49880 | Depths:4 | Identified the Disquisition on the Volcanoes
 49886 | Depths:4 | Learned a level 3 spell: Inner Flame
 50108 | D:12     | Received a gift from Okawaru
 50220 | Elf:1    | Entered Level 1 of the Elven Halls
 50852 | Elf:1    | Noticed Nikola
 50859 | Elf:1    | Killed Nikola
 51068 | Elf:2    | Noticed Azrael
 51081 | Elf:2    | Killed Azrael
 51304 | Elf:2    | Gained mutation: You are weak. (Str -2) [mutagenic meat]
 51305 | Elf:2    | Gained mutation: You heal very quickly. [mutagenic meat]
 51603 | Elf:2    | Reached skill level 20 in Bows
 52135 | Elf:2    | Found a huge runed gate.
 52135 | Elf:2    | Found a huge runed gate.
 52135 | Elf:2    | Found a huge runed gate.
 52138 | Elf:2    | Found a huge runed gate.
 52138 | Elf:2    | Found a huge runed gate.
 52267 | Elf:2    | Reached XP level 25. HP: 202/202 MP: 40/40
 52341 | Elf:3    | Entered Level 3 of the Elven Halls
 52349 | Elf:3    | Noticed Roxanne
 52361 | Elf:3    | Killed Roxanne
 52869 | Elf:3    | Received a gift from Okawaru
 53051 | Elf:3    | Identified Jyngiam's Compendium of the Evil Traveller
 53062 | Elf:3    | Identified the +7 chain mail of the Meadowlark {rN+} (You found it on level 3 of the Elven Halls)
 53184 | Elf:3    | Identified the +0 helmet "Ocunn" {rPois} (You found it on level 3 of the Elven Halls)
 53193 | Elf:3    | Identified the Collected Works on Fire
 54083 | Vaults:5 | Entered Level 5 of the Vaults
 54324 | Vaults:5 | Received a gift from Okawaru
 54411 | Vaults:5 | Noticed an ancient lich
 54427 | Vaults:5 | Received a gift from Okawaru
 54484 | Vaults:5 | Paralysed by a lich for 5 turns
 54491 | Vaults:5 | Received a gift from Okawaru
 54519 | Vaults:5 | Reached skill level 15 in Charms
 54544 | Vaults:5 | HP: 9/203 [shadow dragon/bolt of negative energy (23)]
 54606 | Vaults:5 | Reached XP level 26. HP: 60/213 MP: 16/40
 54932 | Vaults:5 | Reached skill level 21 in Bows
 54966 | Vaults:5 | Got a pair of faintly glowing gloves {god gift}
 54978 | Vaults:5 | Identified the +2 pair of gloves of the Devil's Team {rN++ rCorr Int-4 SInv} (Okawaru gifted it to you on level 5 of the Vaults)
 55040 | Vaults:5 | Killed an ancient lich
 55151 | Vaults:5 | Received a gift from Okawaru
 55301 | Vaults:5 | Received a gift from Okawaru
 55405 | Vaults:5 | Reached skill level 15 in Polearms
 55415 | Vaults:5 | Received a gift from Okawaru
 55434 | Vaults:5 | Identified the +3 crystal plate armour "Vowodd" {Int+4 Dex-3} (Okawaru gifted it to you on level 5 of the Vaults)
 55710 | Vaults:5 | Identified a scroll of acquirement
 55724 | Vaults:5 | Identified a +0 pair of boots of running (You acquired it on level 5 of the Vaults)
 55980 | Vaults:5 | Learned a level 6 spell: Deflect Missiles
 56068 | Vaults:5 | Got a silver rune of Zot
 56826 | Zot:1    | Entered Level 1 of the Realm of Zot
 56830 | Zot:1    | Reached skill level 1 in Air Magic
 57489 | Zot:1    | Received a gift from Okawaru
 57510 | Zot:1    | Reached XP level 27. HP: 222/222 MP: 41/41
 57602 | Zot:1    | Reached skill level 5 in Air Magic
 57636 | Zot:1    | Received a gift from Okawaru
 57639 | Zot:1    | Got a warped longbow {god gift}
 57640 | Zot:1    | Identified the +7 longbow of Pyromania {freeze, +Inv MP-9 Int+2} (Okawaru gifted it to you on level 1 of the Realm of Zot)
 58883 | Zot:2    | Reached skill level 22 in Bows
 59322 | Zot:2    | Received a gift from Okawaru
 60032 | Zot:3    | Reached skill level 15 in Spellcasting
 60279 | Zot:3    | Received a gift from Okawaru
 60282 | Zot:3    | Got a smoking chain mail {god gift}
 60283 | Zot:3    | Identified the +0 chain mail "Zaotz" {Dex+4 Slay+2} (Okawaru gifted it to you on level 3 of the Realm of Zot)
 60584 | Zot:4    | Reached skill level 10 in Air Magic
 60668 | Zot:4    | Found an ancient bone altar of Kikubaaqudgha.
 61201 | Zot:5    | Entered Level 5 of the Realm of Zot
 61664 | Zot:5    | Received a gift from Okawaru
 61683 | Zot:5    | Cast into level 5 of the Abyss (the power of Zot)
 61683 | Abyss:5  | Entered Level 5 of the Abyss
 61692 | Zot:5    | Escaped the Abyss
 61856 | Zot:5    | Noticed an orb of fire
 61862 | Zot:5    | Got the Orb of Zot
 61863 | Zot:5    | Lost mutation: Your spells are a little harder to cast, but a little more powerful. [an orb of fire]
 61864 | Zot:5    | Noticed an orb of fire
 61873 | Zot:5    | Gained mutation: Your body sometimes deteriorates upon taking damage. [an orb of fire]
 61878 | Zot:5    | HP: 10/226 [orb of fire/bolt of fire (52)]
 61878 | Zot:5    | Annihilated by an Orb Guardian

Vault maps used:
D:1:      lemuel_arrival_room
D:2:      uniq_terence, uniq_jessica
D:3:      lemuel_crystal_altar, old_standard_altar
D:4:      minmay_temple_entry_overgrown, first_bread,
          minmay_misc_feat_secret_circle
D:5:      uniq_sigmund, uniq_grinder, uniq_crazy_yiuf_cottage
D:6:      kennysheep_spiral_hall, old_standard_altar, minitemple,
          dancing_weapons_uskayaw, roderic_serpentine_path, st_stairs_8
D:9:      tgw_trog, serial_shops, nicolae_shop_overgrown_old_shop
D:10:     grunt_lair_entry_orc_guard_hut, david_orc_2, serial_shops, shop,
          blue_anna_alchemist
D:11:     nicolae_trove_entry_columns
D:12:     basic_altar, uniq_frances, uniq_rupert
D:13:     uniq_erolcha
D:14:     lightli_vaults_fourway_checkpoint, serial_bayou_pond_b,
          einodemon_crawler_minivault
D:15:     hangedman_depths_entry_try_elsewhere_first, minmay_misc_feat_hallway,
          nicolae_gozag_seed_capital
Temple:   dpeg_chambers_temple
Lair:1:   lemuel_reptile_caves, serial_bayou_shore_a, uniq_erica
Lair:2:   minmay_swamp_entry_reptiles, serial_bayou_lake_a, grunt_megastairs_1
Lair:4:   spider_nest_entry_web_field, basic_altar, lemuel_fruit_fields
Lair:5:   slime_altar_1
Lair:6:   cheibrodos_lair_end_hotspot, serial_bayou_shore_b
Swamp:1:  infiniplex_staircase_pool_2, swamp_pool5, ldierk_geyser
Swamp:2:  evilmike_swamp_ruin_house_1, swamp_pool1, uniq_louise, uniq_jorgrun
Swamp:3:  evilmike_swamp_ruin_rubble_1, swamp_pool1, st_swamp_mini
Swamp:4:  grunt_swamp_rune_castle
Spider:1: spider_trap
Spider:2: spiders_nest_a, hangedman_spider_tarantella_strand
Spider:3: nicolae_spider_mines_3
Spider:4: spider_rune_water
Orc:2:    grunt_orc_tribal_feast, basic_altar, serial_shops, shop,
          uniq_saint_roka, uniq_nessos, uniq_maurice
Elf:1:    elf_arrival_002, minmay_elf_crystal_hexagon, uniq_nikola
Elf:2:    hex_medium, lemuel_elevator, uniq_azrael
Elf:3:    minmay_elf_hall_furrowed, nooodl_food_tri, uniq_roxanne
Vaults:1: ontoclasm_vaults_eye, ontoclasm_vaults_chip, hangedman_vaults_unwind,
          vaults_mumra_minichess_inversion, hangedman_vaults_impose,
          vaults_dpeg_encased_lava, lightli_enter_wizlab_magi_temple,
          serial_shops, nicolae_shop_statue_plus
Vaults:2: ontoclasm_vaults_chip, hangedman_vaults_cutoff,
          hangedman_vaults_pinch, hangedman_vaults_locks,
          ontoclasm_vaults_claustrophobia, vaults_room_stairs_pillars,
          vaults_mumra_hex, grunt_vaults_hallway_long, grunt_vaults_twisty,
          nicolae_vaults_bisected_slash, nicolae_vaults_little_ls,
          grunt_vaults_hallway_short, nicolae_vaults_little_squares_2,
          serial_shops, shop, uniq_frederick, uniq_jory
Vaults:3: grunt_vaults_diagonal, ontoclasm_vaults_ring_square,
          vaults_dpeg_spiral, vaults_room_pool, ontoclasm_vaults_spin,
          hangedman_vaults_nails, nicolae_vaults_asterisk,
          minmay_crypt_entry_simple_walls, nicolae_vaults_mini_display_case,
          grunt_vaults_funnel, hangedman_vaults_restitches,
          vaults_room_grunt_arrival_checkpoint, v_misc_22
Vaults:4: vaults_room_octagon, v_rooms_4, nicolae_vaults_alarming,
          nicolae_vaults_border_crossing, vaults_mumra_chevron_long,
          hangedman_vaults_corner_blocks, ontoclasm_vaults_decontamination,
          nicolae_vaults_asterisk, hangedman_vaults_cutoff,
          nicolae_vaults_ring_of_whatevers, ontoclasm_vaults_gallery, v_misc_14,
          serial_shops, freezing_bzr
Depths:1: minmay_misc_feat_iff, grunt_hell_horde, tgw_lugonu_bribe
Depths:2: cell_vault, hell_entry, hangedman_decor_points, abyss_entry,
          spider_trap, kennysheep_random_hallway, uniq_mara, uniq_asterion
Depths:3: impenetrable_vault, hell_entry, serial_shops, shop, abyss_entry,
          grunt_pan_entry_spiral, infiniplex_staircase_x
Depths:4: mu_elemental_laboratory, enter_ziggurat_b, serial_sigils,
          serial_sigils_hangedman_stare, serial_sigils_hangedman_quiver,
          serial_sigils_hangedman_confine, serial_sigils_hangedman_shear,
          serial_sigils_hangedman_snap, hell_entry, abyss_entry_crystal,
          serial_shops, nicolae_shop_overgrown_old_shop
Depths:5: grunt_zot_entry_funnels, hell_entry, minmay_misc_feat_pillars
Zot:3:    hangedman_hellfire_club
Zot:4:    basic_altar, grunt_megastairs_2
Zot:5:    grunt_ministairs_5
Abyss:3:  evilmike_abyss_exit_12, evilmike_abyss_exit_14,
          nicolae_abyss_rune_star_stuff
Abyss:4:  gammafunk_abyss_exit_x_factor,
          dshaligram_kb_abyss_rune_zappy_water_cross,
          nicolae_abyss_rune_left_handed
Abyss:5:  serial_sigils_hangedman_shear, evilmike_abyss_exit_13
Bazaar:   bazaar_minmay_cross
WizLab:   wizlab_iskenderun

Skill      XL: |  1  2  3  4  5  6  7  8  9 10 11 12 13 14 15 16 17 18 19 20 21 22 23 24 25 26 27 |
---------------+----------------------------------------------------------------------------------+-----
Stealth        | 1 |  1.9
Fighting       | 3 4 5 7 9 10 11 12 13 14 15 16 17 18 19 20 | 20.4
Polearms       | 1 2 3 4 5 7 8 9 11 12 13 14 15 16 | 16.3
Dodging        | 3 4 6 8 9 10 11 12 13 14 15 16 17 18 19 | 19.1
Bows           | 5 6 7 8 9 10 11 12 13 14 15 16 17 18 19 20 21 22 | 22.8
Armour         | 1 3 5 7 9 10 11 13 14 | 14.3
Invocations    | 2 3 4 5 6 7 8 9 10 | 10.5
Charms         | 4 6 7 9 10 11 12 13 14 15 | 15.5
Spellcasting   | 2 5 6 7 8 9 10 11 12 13 14 15 | 15.4
Translocations | 2 5 7 8 9 10 11 12 13 14 | 14.7
Hexes          | 1 4 6 7 9 10 11 | 11.6
Air Magic      | 4 11 | 11.2

Action                   |  1- 3 |  4- 6 |  7- 9 | 10-12 | 13-15 | 16-18 | 19-21 | 22-24 | 25-27 || total
-------------------------+-------+-------+-------+-------+-------+-------+-------+-------+-------++-------
Melee: Spear             |    60 |   137 |   441 |  1213 |   713 |       |       |       |       ||  2564
       Unarmed           |       |       |     1 |       |       |       |       |       |       ||     1
       Punch             |       |       |       |     9 |     2 |       |       |       |       ||    11
       Halberd           |       |       |       |       |    29 |       |       |       |       ||    29
       Longbow           |       |       |       |       |     3 |       |       |       |       ||     3
       Glaive            |       |       |       |       |       |       |    20 |       |       ||    20
       Headbutt          |       |       |       |       |       |       |     5 |    10 |       ||    15
       Demon trident     |       |       |       |       |       |       |       |    64 |       ||    64
 Fire: Shortbow          |    17 |    13 |    19 |     4 |       |       |       |       |       ||    53
       Longbow           |       |       |       |       |  1254 |  1419 |  1418 |  1786 |  1927 ||  7804
 Cast: Blink             |       |       |       |       |       |     1 |     5 |     7 |    24 ||    37
       Regeneration      |       |       |       |       |       |       |     3 |    23 |    19 ||    45
       Passage of Golubr |       |       |       |       |       |       |     5 |       |     4 ||     9
       Apportation       |       |       |       |       |       |       |     2 |       |     3 ||     5
       Song of Slaying   |       |       |       |       |       |       |     1 |     1 |     1 ||     3
       Shroud of Golubri |       |       |       |       |       |       |       |     1 |     2 ||     3
       Invisibility      |       |       |       |       |       |       |       |       |     1 ||     1
Invok: Heroism           |       |       |     3 |    12 |    21 |    11 |    25 |    22 |    18 ||   112
       Finesse           |       |       |       |     2 |     6 |     1 |     7 |     2 |     5 ||    23
 Abil: Hop               |       |       |     3 |     1 |    11 |    10 |    13 |    14 |    18 ||    70
Evoke: Wand              |       |       |       |       |     3 |       |       |       |       ||     3
  Use: Scroll            |     6 |     8 |     4 |     9 |    15 |     6 |    16 |     6 |    31 ||   101
       Potion            |       |       |     2 |     3 |     8 |     1 |     9 |     6 |    16 ||    45
 Stab: Sleeping          |     5 |     5 |       |       |       |       |       |       |       ||    10
       Invisible         |       |       |       |       |    16 |       |       |       |       ||    16
  Eat: Chunk             |     3 |    15 |     7 |    15 |    31 |    19 |     3 |    11 |     4 ||   108
       Royal jelly       |       |       |       |     6 |     5 |     6 |     2 |     1 |     4 ||    24
       Fruit             |       |       |       |       |     1 |       |    31 |       |     2 ||    34
       Meat ration       |       |       |       |       |     1 |     2 |       |     5 |     5 ||    13
Armor: Leather armour    |    12 |    13 |       |       |       |       |       |       |       ||    25
       Plate armour      |       |    21 |   206 |   523 |   566 |       |       |       |       ||  1316
       Skin              |       |       |       |       |    37 |       |       |       |       ||    37
       Chain mail        |       |       |       |       |    26 |   322 |   239 |   182 |       ||   769
       Storm dragon scal |       |       |       |       |       |       |       |    86 |   334 ||   420
Dodge: Dodged            |    27 |    44 |   115 |   352 |   559 |   570 |   452 |   516 |   646 ||  3281
